 Dungeon Crawl Stone Soup version 0.31-a0-214-gb37851dbb3 (webtiles) character file.

Game seed: 8624646086893774912

146 qw the Chopper (level 5, 0/32 HPs)
             Began as a Gargoyle Fighter on July 1, 2023.
             Slain by Grinder (8 damage)
             ... on level 3 of the Dungeon.
             The game lasted 00:01:09 (2029 turns).

qw the Chopper (Gargoyle Fighter)                   Turns: 2029, Time: 00:01:10

Health: 0/32       AC: 13    Str: 22    XL:     5   Next: 28%
Magic:  5/5        EV:  8    Int:  8    God:
Gold:   101        SH:  4    Dex:  9    Spells: 4/4 levels left

rFire   . . .        Y - +0 war axe
rCold   . . .        c - +0 buckler
rNeg    + . .        j - +0 chain mail
rPois   inf          (no helmet)
rElec   +            (no cloak)
rCorr   .            (no gloves)
SInv    .            (no boots)
Will    +....        (no amulet) Stlth
                     f - ring of willpower
HPRegen 0.25/turn    (no ring)
MPRegen 0.09/turn

%: no passive effects
@: no status effects
A: sickness immunity, AC +4, negative energy resistance 1, electricity
resistance, torment resistance 1, petrification resistance, mutation resistance
1
a: no special abilities


You were on level 3 of the Dungeon.
You visited 1 branch of the dungeon, and saw 3 of its levels.

You collected 137 gold pieces.
You spent 36 gold pieces at shops.


Innate Abilities, Weirdness & Mutations

You are immune to sickness and miasma.
Your stone body is resilient. (AC +4)
You are immune to poison.
You resist negative energy. (rN+)
You are resistant to electric shocks. (rElec)
You are resistant to unholy torment.
You are immune to petrification.
You are somewhat resistant to further mutation.


   Skills:
 - Level 3.2 Fighting
 + Level 4.6 Axes
 - Level 1.1 Throwing
 - Level 3.2 Armour
 - Level 3.2 Shields


You had 4 spell levels left.
You didn't know any spells.
Your spell library was empty.

Inventory:

Hand Weapons
 g - a +0 mace
 Y - a +0 war axe (weapon)
Missiles
 e - 3 boomerangs
 l - 4 javelins (quivered)
Armour
 c - a +0 buckler (worn)
 j - a +0 chain mail (worn)
 k - a +0 helmet
Jewellery
 f - a ring of willpower (left hand)
Scrolls
 a - a scroll of identify
Potions
 b - a potion of cancellation {unknown}
 d - a potion of might
 h - a potion of ambrosia {unknown}
 i - a potion of mutation
 m - a potion of berserk rage {unknown}

Dungeon Overview and Level Annotations

Branches:
Dungeon (3/15)

Altars:
Sif Muna

Shops:
D:1 [:((

Annotations:
D:3 3 runed translucent doors, Grinder


Message History

Grinder barely misses you.
You slash Grinder!
Grinder is almost dead.
Grinder grins, showing sharp teeth.
You block Grinder's attack.
Grinder blinks!
2011 ||| FLEEEEING.
2012 ||| STILL FLEEEEING.
2013 ||| STILL FLEEEEING.
2014 ||| STILL FLEEEEING.
2015 ||| STILL FLEEEEING.
2016 ||| STILL FLEEEEING.
2017 ||| STILL FLEEEEING.
2018 ||| STILL FLEEEEING.
2019 ||| STILL FLEEEEING.
2020 ||| STILL FLEEEEING.
You start resting.
Grinder is nearby!
2022 ||| FLEEEEING.
You see here 8 stones.
Enter note:
Enter note:
Enter note:
Enter note:
Enter note:
Enter note:
2023 ||| FLEEEEING.
2024 ||| FLEEEEING.
Grinder gestures at you.
You suddenly lose the ability to move!
You can move again.
2026 ||| FLEEEEING.
Grinder gestures at you. You resist with almost no effort.
2027 ||| FLEEEEING.
2028 ||| STILL FLEEEEING.
Grinder blinks!
You hit Grinder.
Grinder is almost dead.
Grinder hits you!
You die...

#.##....##..# #.##....##..# #.#
#..##..##...# #.#
#..##..##...#######.## #.#
#...####................# #..
##..####...#########.##.# #..
##..##....'..........#.# ###..
##..##....#####5###..#.# #....
##..####.....<.@......#.# #....
#...####.........##...#.# ##..##
#..##..##...###.....(.#.# #..##.
##..##..##...........?.#.###.##..
#..##....##....##...#..ยค..##.#...
#..##....##..<..........5....#...
#..#......#.....###..#######.+...
#..#..##..#.....#............+...
#....####.......#.......#....+...


You could see Grinder.

Vanquished Creatures
  Natasha (D:1)
  Robin (D:3)
  A gnoll (D:1)
  4 adders
  2 dart slugs (D:1)
  3 endoplasms
  A giant cockroach (D:1)
  15 goblins
  4 hobgoblins
  2 quokkas
  6 ball pythons
  4 bats
  6 frilled lizards
  6 kobolds
  7 rats
63 creatures vanquished.

Notes
Turn   | Place    | Note
-------+----------+-------------------------------------------
     0 | D:1      | qw the Gargoyle Fighter began the quest for the Orb.
     0 | D:1      | Reached XP level 1. HP: 14/14 MP: 1/1
     0 | D:1      | 0 ||| qw: Version: 0.3-a-32-g5962c71
     0 | D:1      | 0 ||| qw: Game counter: 7618
     0 | D:1      | 0 ||| qw: Melee chars always use a shield: true
     0 | D:1      | 0 ||| qw: God list: Okawaru
     0 | D:1      | 0 ||| qw: Allow faded altars: false
     0 | D:1      | 0 ||| qw: Do Orc after clearing Dungeon:15 true
     0 | D:1      | 0 ||| qw: Do second Lair branch before Depths: true
     0 | D:1      | 0 ||| qw: Lair rune preference: random
     0 | D:1      | 0 ||| qw: Goals: Normal, Zot:1-4, Slime:5, God:TSO, Crypt,
                  | Tomb, Abyss, Pan, Hells, Win
     0 | D:1      | 0 ||| PLANNING D:1-11
    17 | D:1      | Found Ulaeqari's Armour Shoppe.
    32 | D:1      | Reached skill level 2 in Axes
    52 | D:1      | 52 ||| SHOPLISTING +0 pair of gloves of Time Monsters
                  | {Int+7 Stlth-} (297 gold, have 36).
    52 | D:1      | 52 ||| SHOPLISTING +1 buckler of protection (198 gold, have
                  | 36).
    52 | D:1      | 52 ||| SHOPLISTING +1 chain mail of Gozag's Brutal Revenge
                  | {Str+7} (374 gold, have 36).
    98 | D:1      | Found Puxixiv's Book Shop.
   133 | D:1      | Reached XP level 2. HP: 12/19 MP: 2/2
   266 | D:1      | 266 ||| Stepping ~*~*~tactically~*~*~ (hiding).
   267 | D:1      | 267 ||| Stepping ~*~*~tactically~*~*~ (hiding).
   341 | D:1      | 341 ||| Stepping ~*~*~tactically~*~*~ (stealth).
   343 | D:1      | 343 ||| Stepping ~*~*~tactically~*~*~ (hiding).
   538 | D:1      | Found Saeguany's Weapon Shop.
   548 | D:1      | 548 ||| BUYING +0 mace (36 gold).
   548 | D:1      | Bought a +0 mace for 36 gold pieces
   548 | D:1      | 548 ||| DROPPING +0 club.
   570 | D:1      | Found a faded altar of an unknown god.
   583 | D:1      | 583 ||| Stepping ~*~*~tactically~*~*~ (stealth).
   585 | D:1      | 585 ||| Stepping ~*~*~tactically~*~*~ (hiding).
   586 | D:1      | 586 ||| Stepping ~*~*~tactically~*~*~ (hiding).
   616 | D:1      | 616 ||| Stepping ~*~*~tactically~*~*~ (hiding).
   625 | D:1      | Reached skill level 3 in Axes
   625 | D:1      | Reached XP level 3. HP: 23/23 MP: 3/3
   730 | D:1      | Found Yjeriwul's Weapon Shoppe.
   759 | D:1      | 759 ||| Stepping ~*~*~tactically~*~*~ (water).
  1194 | D:1      | 1194 ||| UPGRADING to +0 chain mail.
  1204 | D:1      | 1204 ||| DROPPING +0 scale mail.
  1205 | D:1      | 1205 ||| UPGRADING to ring of willpower.
  1206 | D:1      | 1206 ||| READING scroll labelled KITHRA JY HODAI.
  1255 | D:2      | Noticed Natasha
  1261 | D:2      | 1261 ||| STAIRDANCE
  1267 | D:1      | Killed Natasha
  1268 | D:1      | Reached XP level 4. HP: 21/28 MP: 4/4
  1270 | D:1      | Reached skill level 4 in Axes
  1334 | D:2      | 1334 ||| Stepping ~*~*~tactically~*~*~ (stealth).
  1336 | D:2      | 1336 ||| Stepping ~*~*~tactically~*~*~ (stealth).
  1351 | D:2      | 1351 ||| Stepping ~*~*~tactically~*~*~ (stealth).
  1358 | D:2      | Found a shimmering blue altar of Sif Muna.
  1431 | D:2      | 1431 ||| Stepping ~*~*~tactically~*~*~ (stealth).
  1519 | D:2      | Reached XP level 5. HP: 32/32 MP: 5/5
  1519 | D:2      | Identified the +1 quarterstaff of Ash {freeze, Int+3}
  1680 | D:2      | 1680 ||| READING 2 scrolls labelled MYDWI MOIPAITE.
  1681 | D:2      | 1681 ||| READING scroll labelled AXTURI VIOPPYT.
  1682 | D:2      | 1682 ||| DRINKING 2 puce potions.
  1682 | D:2      | Gained mutation: You are somewhat resistant to further
                  | mutation. [potion of mutation]
  1683 | D:2      | 1683 ||| DRINKING 2 metallic golden potions.
  1684 | D:2      | 1684 ||| DROPPING potion of brilliance.
  1806 | D:3      | Noticed Robin
  1834 | D:3      | Killed Robin
  1835 | D:3      | Reached skill level 1 in Throwing
  1983 | D:3      | Found a runed translucent gate.
  1985 | D:3      | Found a runed translucent gate.
  1988 | D:3      | Found a runed translucent gate.
  1991 | D:3      | Noticed Grinder
  1996 | D:3      | Paralysed by Grinder for 5 turns
  2005 | D:3      | HP: 7/32 [Grinder/nerve-wracking pain (3)]
  2006 | D:3      | HP: 2/32 [Grinder (5)]
  2011 | D:3      | 2011 ||| FLEEEEING.
  2022 | D:3      | 2022 ||| FLEEEEING.
  2023 | D:3      | 2023 ||| FLEEEEING.
  2024 | D:3      | 2024 ||| FLEEEEING.
  2024 | D:3      | Paralysed by Grinder for 2 turns
  2026 | D:3      | 2026 ||| FLEEEEING.
  2027 | D:3      | 2027 ||| FLEEEEING.
  2029 | D:3      | Slain by Grinder

Levels and vault maps discovered:
D:1:      dpeg_arrival_tiny_k, layout_basic, serial_shops, shop, shop_coins,
          shop, nicolae_shop_bloodbath_and_beyond,
          ebering_ecumenical_altar_webs, kennysheep_another_room,
          serial_bayou_ford_a
D:2:      layout_rooms, basic_altar, uniq_natasha
D:3:      layout_basic, nicolae_overflow_ecumenical_swirl, gammafunk_ghost_icy,
          serial_shops, shop, minmay_misc_feat_x, minmay_goblin_outpost,
          uniq_grinder, uniq_robin

Skill      XL: |  1  2  3  4  5 |
---------------+----------------+-----
Axes           | 2 3 4 |  4.6
Throwing       | 1 |  1.1
Fighting       | |  3.2
Armour         | |  3.2
Shields        | |  3.2

Action                     |  1- 3 |  4- 6 || total
---------------------------+-------+-------++-------
  Melee: War axe           |    78 |    80 ||   158
  Throw: Boomerang         |    19 |    34 ||    53
         Javelin           |       |     5 ||     5
    Use: Scroll            |     1 |     2 ||     3
         Potion            |       |     2 ||     2
 Armour: Scale mail        |    37 |       ||    37
         Chain mail        |    12 |    63 ||    75
  Dodge: Dodged            |    28 |    36 ||    64
  Block: Buckler           |    16 |    17 ||    33

Table legend:
 A = Non-vault XP
 B = Vault XP
 C = Vault XP percentage of total XP
 D = Non-vault monster count
 E = Vault monster count
 F = Vault count percentage of total count
                 A         B        C        D         E       F
            +---------+---------+-------+---------+---------+-------
      Total |     140 |      69 |  33.0 |      51 |      12 |  19.0
            +---------+---------+-------+---------+---------+-------
        D:1 |      68 |      35 |  34.0 |      27 |       1 |   3.6
        D:2 |      66 |       0 |   0.0 |      19 |       0 |   0.0
        D:3 |       6 |      34 |  85.0 |       5 |      11 |  68.8
            +---------+---------+-------+---------+---------+-------
